 Seeded DCSS version 0.30.1-3-gfc49f6343a (webtiles) character file.

Game seed: 4216842840790694857 (custom seed)

26 CInkIbrahim the Shooter (level 2, 22/22 HPs)
             Began as a Vampire Hunter on July 20, 2023.
             Was a Plaything of Xom.
             Quit the game on level 1 of the Dungeon.
             The game lasted 00:00:30 (779 turns).

CInkIbrahim the Shooter (Vampire Hunter)             Turns: 779, Time: 00:00:30

Health: 22/22      AC:  3    Str: 10    XL:     2   Next: 89%
Magic:  2/2        EV: 12    Int: 11    God:    Xom [..*...]
Gold:   46         SH:  0    Dex: 17    Spells: 1/1 levels left

rFire   . . .        a - +0 shortbow
rCold   . . .        (shield currently unavailable)
rNeg    . . .        c - +0 leather armour
rPois   .            (no helmet)
rElec   .            (no cloak)
rCorr   .            (no gloves)
SInv    +            (no boots)
Will    .....        (no amulet)
Stlth   ++           (no ring)
HPRegen 0.43/turn    (no ring)
MPRegen 0.08/turn

%: no passive effects
@: healing quickly
A: alive, fangs 3, see invisible, vampiric 1
a: Exsanguinate, Renounce Religion


You were on level 1 of the Dungeon.
You worshipped Xom.
You were a toy of Xom.
You visited 1 branch of the dungeon, and saw 1 of its levels.

You collected 46 gold pieces.

Inventory:

Hand Weapons
 a - a +0 shortbow (weapon)
Armour
 c - a +0 leather armour (worn)
Jewellery
 k - a ring of flight
Scrolls
 b - 2 scrolls of immolation
 e - a scroll of poison {unknown}
 h - a scroll of teleportation {unknown}
 i - a scroll of identify {unknown}
Potions
 d - 2 potions of haste {unknown}
 f - a potion of cancellation {unknown}
 g - 2 potions of brilliance {unknown}
 j - a potion of resistance {unknown}


   Skills:
 - Level 1.7 Fighting
 + Level 4.1 Ranged Weapons
 - Level 2.1 Dodging
 - Level 1.5 Stealth


You had one spell level left.
You didn't know any spells.
Your spell library was empty.

Dungeon Overview and Level Annotations

Branches:
Dungeon (1/15)

Altars:
Xom


Innate Abilities, Weirdness & Mutations

Your natural rate of healing is accelerated.
You have razor-sharp teeth.
You have supernaturally acute eyesight. (SInv)
You are afflicted with vampirism.


Message History

Key pressed, stopping explore.
No target in view!
Done exploring.
No target in view!
Done exploring.
No target in view!
Done exploring.
No target in view!
Done exploring.
No target in view!
Done exploring.
No target in view!
Done exploring.
No target in view!
Done exploring.
No target in view!
Done exploring.
No target in view!
Done exploring.
No target in view!
Done exploring.
No target in view!
Done exploring.
No target in view!
Done exploring.
No target in view!
Done exploring.
No target in view!
Search for what [? for help]? .
There is an empty arch of ancient stone here.
There is an empty arch of ancient stone here.
Things that are here:
a +1 dagger of speed; a kobold skeleton You see here a +0 dagger.
There is a faded altar of an unknown god here.
This altar belongs to (a) Jiyva, (b) Xom or (c) Wu Jian, but you can't tell which.
Press the corresponding letter to learn more about a god, or press enter to convert or escape to cancel.
Xom accepts your prayer! Xom welcomes you!
Xom is very intrigued!
Are you sure you want to abandon this character and quit the game? (Confirm with "yes".)

#.#######.########
#................#
##########.######.# #..........#
#..#.# #.########## #..#'### #.##
#####......# ###########..#
#..##......#
..........#..#♣#♣#♣##.##......###
#.........#.....@.....##......'..
..........#..#♣#♣#♣##.........##.
..........#÷.###### ##...........
.....##.#.÷..#....# #...........
...#+##..).....##.# #...........
##.......###)#..#.# #...........
#.......###.#..#.# #...........
#.......#..)#....# #...........
#.............#..#######)#####..


There were no monsters in sight!

Vanquished Creatures
  A dart slug (D:1)
  4 bats (D:1)
  4 endoplasms (D:1)
  A goblin (D:1)
  A hobgoblin (D:1)
  4 kobolds (D:1)
  4 quokkas (D:1)
  2 ball pythons (D:1)
  A frilled lizard (D:1)
22 creatures vanquished.

Notes
Turn   | Place    | Note
-------+----------+-------------------------------------------
     0 | D:1      | CInkIbrahim the Vampire Hunter began the quest for the Orb.
     0 | D:1      | Reached XP level 1. HP: 16/16 MP: 1/1
   204 | D:1      | Reached XP level 2. HP: 22/22 MP: 2/2
   379 | D:1      | Found a faded altar of an unknown god.
   394 | D:1      | Reached skill level 4 in Ranged Weapons
   778 | D:1      | Prayed at the altar of an unknown god.
   778 | D:1      | Became a worshipper of Xom the Less-Predictable
   779 | D:1      | Quit the game

Illustrated notes

Levels and vault maps discovered:
D:1:      heliophobic_arrival_enchanted_forest, layout_basic,
          ebering_ecumenical_altar_hall, minmay_quantized

Skill      XL: |  1  2 |
---------------+-------+-----
Ranged Weapons | 4 |  4.1
Fighting       | |  1.7
Dodging        | |  2.1
Stealth        | |  1.5

Action                     || total
---------------------------++-------
   Fire: Shortbow          ||    48
 Armour: Leather armour    ||     1
  Dodge: Dodged            ||     7
